[ AOE2 MATCH · #476473606 ]
UnrankedAztecs vs Bulgarians
[ REPLAY ANALYSIS · EXTRACTED FROM THE RECORDED GAME ]
Feudal
14:05
Castle
22:56
Imperial
41:01
| APM avg | 41.2 |
| APM peak | 62 |
| eAPM avg | 24.3 |
| Villagers / military | 50 / 27 |
Focus
⚔️ 27.9% · 🌾 72.1%
Spearman ×15 · Fishing Ship ×10 · Monk ×9 · Mangonel ×2 · Trebuchet (Packed) ×1
Feudal
15:49
Castle
19:49
Imperial
—
| APM avg | 45.9 |
| APM peak | 134 |
| eAPM avg | 20.2 |
| Villagers / military | 96 / 112 |
Focus
⚔️ 24.4% · 🌾 75.6%
Chu Ko Nu ×100 · Fishing Ship ×14 · Petard ×8 · Battering Ram ×3 · Fire Galley ×1 · Unknown (2626) ×1
Feudal
12:53
Castle
18:39
Imperial
32:17
| APM avg | 34.0 |
| APM peak | 62 |
| eAPM avg | 22.8 |
| Villagers / military | 245 / 40 |
Focus
⚔️ 26.0% · 🌾 74.0%
Knight ×33 · Unknown (2626) ×11 · Fishing Ship ×9 · Trebuchet (Packed) ×3 · Scout Cavalry ×2 · Teutonic Knight ×2
Feudal
12:49
Castle
20:56
Imperial
—
| APM avg | 94.7 |
| APM peak | 205 |
| eAPM avg | 56.3 |
| Villagers / military | 114 / 79 |
Focus
⚔️ 69.6% · 🌾 30.4%
Galley ×65 · Demolition Raft ×12 · Fishing Ship ×7 · Samurai ×1 · Fire Galley ×1 · Unknown (2626) ×1
Feudal
14:11
Castle
18:30
Imperial
44:24
| APM avg | 38.0 |
| APM peak | 71 |
| eAPM avg | 27.2 |
| Villagers / military | 247 / 89 |
Focus
⚔️ 30.4% · 🌾 69.6%
Battering Ram ×39 · Mangonel ×28 · Fishing Ship ×22 · Galley ×11 · Trebuchet (Packed) ×11
Feudal
12:42
Castle
17:07
Imperial
37:26
| APM avg | 27.7 |
| APM peak | 52 |
| eAPM avg | 13.6 |
| Villagers / military | 77 / 55 |
Focus
⚔️ 29.3% · 🌾 70.7%
Conquistador ×42 · Spearman ×11 · Fishing Ship ×7 · Transport Ship ×2
Feudal
12:48
Castle
26:11
Imperial
37:42
| APM avg | 47.2 |
| APM peak | 68 |
| eAPM avg | 31.8 |
| Villagers / military | 122 / 102 |
Focus
⚔️ 38.2% · 🌾 61.8%
Scout Cavalry ×57 · War Wagon ×28 · Fishing Ship ×25 · Fire Galley ×12 · Iron Pagoda ×3 · Trebuchet (Packed) ×2
Feudal
13:52
Castle
23:04
Imperial
44:36
| APM avg | 53.5 |
| APM peak | 88 |
| eAPM avg | 30.4 |
| Villagers / military | 177 / 223 |
Focus
⚔️ 34.6% · 🌾 65.4%
Fire Galley ×106 · Camel Archer ×73 · Fishing Ship ×22 · Scout Cavalry ×19 · Unknown (2626) ×11 · Trebuchet (Packed) ×11
Match map
Initial resources + every placement click. Lines = walls · curves = elevation contours. ◆ gold · ⬟ stone · ● berries · ✦ relic · ◌ wall gap
Your base· Open — 2t gap
Gun™'s base· Open — 7t gap
VNS_MONGKHAN's base· ✓ Closed at 18:39 · 34t walls · no gate
Mr.Peo's base· Open — 14t gap
yago's base· Open — unwalled flank
Com2us's base· Open — 13t gap
Never Began's base· Open — 5t gap
Joselu9710's base· Open — 6t gap
Smoothed initial terrain · ◌ = detected wall gap · hover for details
Inputs per minute
— timduglass - - Gun™
Build order — timduglass
First 150 of 213 actions detected
| 0:05 | Build | Town Center |
| 1:05 | Build | Dock |
| 1:09 | Build | House |
| 2:29 | Create | Villager (Male) |
| 2:29 | Create | Villager (Male) |
| 2:29 | Create | Villager (Male) |
| 2:29 | Create | Villager (Male) |
| 3:45 | Create | Fishing Ship |
| 3:46 | Create | Fishing Ship |
| 4:06 | Research | Loom |
| 4:16 | Build | House |
| 4:20 | Build | Palisade Wall |
| 4:23 | Create | Villager (Male) |
| 4:23 | Create | Villager (Male) |
| 4:51 | Build | Palisade Wall |
| 5:07 | Build | Palisade Wall |
| 5:16 | Create | Villager (Male) |
| 5:31 | Build | Palisade Wall |
| 5:33 | Build | Palisade Wall |
| 5:35 | Build | Palisade Wall |
| 5:40 | Build | Palisade Wall |
| 5:50 | Create | Villager (Male) |
| 5:51 | Create | Villager (Male) |
| 6:28 | Build | House |
| 6:30 | Build | Palisade Wall |
| 6:39 | Create | Villager (Male) |
| 6:52 | Create | Villager (Male) |
| 7:00 | Create | Villager (Male) |
| 7:01 | Create | Villager (Male) |
| 7:26 | Create | Villager (Male) |
| 7:26 | Create | Villager (Male) |
| 7:32 | Build | Outpost |
| 7:47 | Create | Villager (Male) |
| 7:49 | Create | Fishing Ship |
| 7:50 | Create | Fishing Ship |
| 8:25 | Create | Villager (Male) |
| 8:26 | Create | Villager (Male) |
| 8:33 | Build | House |
| 8:48 | Build | Palisade Wall |
| 8:50 | Build | Palisade Wall |
| 8:51 | Build | Palisade Wall |
| 8:52 | Build | Palisade Wall |
| 8:56 | Build | Palisade Wall |
| 9:07 | Create | Villager (Male) |
| 9:07 | Create | Villager (Male) |
| 9:10 | Build | House |
| 9:16 | Create | Fishing Ship |
| 9:16 | Create | Fishing Ship |
| 9:29 | Build | House |
| 9:31 | Build | Palisade Wall |
| 10:02 | Create | Villager (Male) |
| 10:11 | Build | Mining Camp |
| 11:00 | Create | Fishing Ship |
| 11:31 | Build | Lumber Camp |
| 11:55 | Research | Feudal Age |
| 13:05 | Build | House |
| 13:39 | Create | Fishing Ship |
| 13:42 | Build | Dock |
| 13:56 | Create | Villager (Male) |
| 14:05 | Age | Feudal Age |
| 14:19 | Build | Watch Tower |
| 14:27 | Build | Blacksmith |
| 15:10 | Research | Fletching |
| 15:43 | Research | Tech 906 |
| 15:43 | Research | Tech 906 |
| 15:45 | Create | Villager (Male) |
| 15:45 | Create | Villager (Male) |
| 15:45 | Create | Villager (Male) |
| 16:08 | Create | Villager (Male) |
| 16:47 | Build | Mining Camp |
| 17:16 | Build | Watch Tower |
| 17:21 | Create | Villager (Male) |
| 17:25 | Create | Fishing Ship |
| 17:25 | Create | Fishing Ship |
| 18:14 | Create | Villager (Male) |
| 18:34 | Create | Villager (Male) |
| 18:45 | Build | Mill |
| 18:58 | Build | House |
| 18:59 | Build | House |
| 19:33 | Build | Market |
| 20:05 | Build | Palisade Wall |
| 20:08 | Build | Palisade Wall |
| 20:10 | Build | Palisade Wall |
| 20:16 | Research | Castle Age |
| 21:17 | Research | Gold Mining |
| 21:38 | Research | Double-Bit Axe |
| 21:48 | Build | Watch Tower |
| 22:56 | Age | Castle Age |
| 23:20 | Research | Bodkin Arrow |
| 23:20 | Research | Bodkin Arrow |
| 23:34 | Create | Villager (Male) |
| 23:37 | Create | Villager (Male) |
| 23:37 | Create | Villager (Male) |
| 24:11 | Build | Stone Wall |
| 24:13 | Build | Stone Wall |
| 24:52 | Create | Villager (Male) |
| 25:16 | Build | Siege Workshop |
| 25:19 | Create | Villager (Male) |
| 25:27 | Create | Villager (Male) |
| 25:28 | Create | Villager (Male) |
| 25:28 | Create | Villager (Male) |
| 25:59 | Create | Mangonel |
| 26:44 | Build | Watch Tower |
| 27:21 | Build | Monastery |
| 27:28 | Create | Villager (Male) |
| 27:33 | Build | Monastery |
| 27:37 | Build | House |
| 27:38 | Build | House |
| 27:43 | Create | Monk |
| 27:49 | Create | Villager (Male) |
| 28:06 | Research | Sanctity |
| 28:11 | Build | House |
| 28:17 | Research | Bow Saw |
| 28:26 | Build | Gate |
| 28:37 | Create | Monk |
| 28:54 | Create | Monk |
| 28:55 | Create | Monk |
| 28:55 | Create | Monk |
| 29:03 | Build | Lumber Camp |
| 29:10 | Create | Villager (Male) |
| 29:32 | Build | Lumber Camp |
| 29:43 | Create | Mangonel |
| 29:50 | Research | Fervor |
| 29:50 | Research | Fervor |
| 30:16 | Build | Outpost |
| 30:44 | Research | Redemption |
| 30:45 | Research | Redemption |
| 31:05 | Build | Town Center |
| 31:20 | Create | Monk |
| 31:20 | Create | Monk |
| 32:32 | Build | House |
| 32:42 | Create | Villager (Male) |
| 32:43 | Create | Villager (Male) |
| 32:59 | Build | House |
| 33:02 | Build | House |
| 33:04 | Build | Palisade Wall |
| 33:13 | Build | Farm |
| 33:16 | Build | Farm |
| 33:17 | Build | Farm |
| 33:18 | Build | Farm |
| 33:20 | Build | Farm |
| 33:27 | Create | Villager (Male) |
| 33:27 | Create | Villager (Male) |
| 33:49 | Build | Palisade Wall |
| 34:00 | Create | Villager (Male) |
| 34:01 | Create | Villager (Male) |
| 34:03 | Build | House |
| 34:04 | Build | House |
| 34:06 | Build | House |
| 34:07 | Build | House |
Build order — Gun™
First 150 of 231 actions detected
| 0:09 | Build | Town Center |
| 0:30 | Build | Dock |
| 2:31 | Research | Loom |
| 3:02 | Create | Villager (Male) |
| 3:15 | Create | Villager (Male) |
| 3:56 | Create | Villager (Male) |
| 4:08 | Create | Villager (Male) |
| 4:41 | Create | Villager (Male) |
| 5:06 | Create | Villager (Male) |
| 5:26 | Build | House |
| 5:33 | Create | Villager (Male) |
| 5:36 | Build | House |
| 5:51 | Create | Villager (Male) |
| 6:07 | Build | House |
| 6:10 | Create | Fishing Ship |
| 6:10 | Create | Fishing Ship |
| 6:22 | Create | Villager (Male) |
| 6:48 | Create | Fishing Ship |
| 7:02 | Create | Villager (Male) |
| 7:05 | Create | Fishing Ship |
| 7:31 | Create | Villager (Male) |
| 7:37 | Create | Fishing Ship |
| 8:23 | Create | Villager (Male) |
| 8:24 | Create | Villager (Male) |
| 8:26 | Create | Fishing Ship |
| 8:26 | Create | Fishing Ship |
| 8:37 | Build | Dock |
| 9:10 | Create | Villager (Male) |
| 9:14 | Create | Fishing Ship |
| 9:23 | Create | Villager (Male) |
| 9:33 | Build | House |
| 9:41 | Create | Villager (Male) |
| 9:51 | Create | Fishing Ship |
| 9:52 | Create | Fishing Ship |
| 9:52 | Create | Fishing Ship |
| 10:07 | Build | House |
| 10:12 | Build | House |
| 10:28 | Create | Villager (Male) |
| 10:28 | Create | Villager (Male) |
| 10:28 | Create | Villager (Male) |
| 10:29 | Create | Villager (Male) |
| 10:38 | Build | Lumber Camp |
| 11:03 | Build | House |
| 11:06 | Create | Villager (Male) |
| 11:27 | Create | Villager (Male) |
| 11:37 | Create | Villager (Male) |
| 12:19 | Create | Villager (Male) |
| 12:59 | Build | Mining Camp |
| 13:13 | Build | House |
| 13:25 | Create | Fishing Ship |
| 13:37 | Build | Mill |
| 13:39 | Research | Feudal Age |
| 13:47 | Create | Fishing Ship |
| 13:53 | Build | House |
| 13:54 | Build | House |
| 14:45 | Create | Fishing Ship |
| 15:49 | Age | Feudal Age |
| 15:53 | Create | Villager (Male) |
| 15:53 | Create | Villager (Male) |
| 15:57 | Build | Market |
| 16:02 | Build | Blacksmith |
| 16:05 | Build | House |
| 16:06 | Build | House |
| 16:31 | Build | Mining Camp |
| 16:42 | Create | Villager (Male) |
| 17:09 | Research | Castle Age |
| 17:18 | Build | Palisade Wall |
| 17:39 | Research | Tech 906 |
| 17:53 | Research | Double-Bit Axe |
| 17:54 | Research | Double-Bit Axe |
| 17:56 | Create | Fire Galley |
| 18:02 | Create | Unit 2626 |
| 18:45 | Build | Palisade Wall |
| 19:12 | Build | Palisade Wall |
| 19:20 | Build | Outpost |
| 19:49 | Age | Castle Age |
| 19:53 | Build | Castle |
| 20:08 | Build | Palisade Gate |
| 20:10 | Build | Palisade Wall |
| 20:12 | Create | Villager (Male) |
| 20:13 | Create | Villager (Male) |
| 20:48 | Create | Villager (Male) |
| 21:01 | Research | Fletching |
| 21:02 | Research | Fletching |
| 21:02 | Create | Chu Ko Nu ×5 |
| 21:02 | Create | Chu Ko Nu |
| 21:24 | Build | Dock |
| 21:29 | Build | House |
| 21:31 | Build | House |
| 21:31 | Build | Palisade Wall |
| 21:40 | Create | Chu Ko Nu |
| 21:44 | Research | Bodkin Arrow |
| 22:03 | Create | Chu Ko Nu |
| 22:03 | Create | Chu Ko Nu |
| 22:16 | Build | University |
| 22:20 | Build | House |
| 22:21 | Build | House |
| 22:34 | Create | Villager (Male) |
| 22:37 | Research | Wheelbarrow |
| 22:52 | Create | Chu Ko Nu ×2 |
| 22:57 | Research | Bow Saw |
| 22:57 | Research | Bow Saw |
| 22:58 | Create | Villager (Male) |
| 23:25 | Create | Villager (Male) |
| 23:45 | Create | Chu Ko Nu ×2 |
| 24:39 | Create | Villager (Male) |
| 25:22 | Create | Chu Ko Nu ×3 |
| 25:22 | Create | Chu Ko Nu ×3 |
| 25:48 | Create | Villager (Male) |
| 25:48 | Create | Villager (Male) |
| 26:14 | Build | Town Center |
| 26:21 | Create | Villager (Male) |
| 26:34 | Create | Villager (Male) |
| 26:53 | Create | Chu Ko Nu ×2 |
| 27:06 | Research | Padded Archer Armor |
| 27:07 | Create | Villager (Male) |
| 27:24 | Create | Petard |
| 27:24 | Create | Petard |
| 27:30 | Create | Petard ×3 |
| 27:30 | Create | Petard ×3 |
| 28:07 | Build | House |
| 28:49 | Create | Villager (Male) |
| 29:04 | Create | Villager (Male) |
| 29:05 | Create | Villager (Male) |
| 29:06 | Create | Villager (Male) |
| 29:07 | Create | Villager (Male) |
| 29:27 | Create | Villager (Male) |
| 29:27 | Create | Villager (Male) |
| 29:39 | Research | Ballistics |
| 30:03 | Build | Siege Workshop |
| 30:10 | Create | Villager (Male) |
| 30:10 | Create | Villager (Male) |
| 30:11 | Create | Villager (Male) |
| 30:11 | Create | Villager (Male) |
| 30:30 | Create | Chu Ko Nu ×5 |
| 30:54 | Create | Battering Ram |
| 30:54 | Create | Battering Ram |
| 31:01 | Create | Chu Ko Nu ×3 |
| 31:13 | Create | Villager (Male) |
| 31:13 | Create | Villager (Male) |
| 31:17 | Create | Villager (Male) |
| 31:38 | Create | Chu Ko Nu ×3 |
| 32:04 | Create | Villager (Male) |
| 32:04 | Create | Villager (Male) |
| 32:31 | Create | Villager (Male) |
| 32:31 | Create | Villager (Male) |
| 32:32 | Create | Chu Ko Nu ×4 |
| 33:00 | Create | Chu Ko Nu ×2 |
| 33:00 | Create | Chu Ko Nu |
| 33:16 | Create | Battering Ram |
Build order — VNS_MONGKHAN
First 150 of 461 actions detected
| 0:10 | Build | Town Center |
| 0:55 | Build | Dock |
| 0:58 | Build | House |
| 2:27 | Create | Villager (Male) |
| 2:27 | Create | Villager (Male) |
| 2:27 | Create | Villager (Male) |
| 2:30 | Create | Villager (Male) |
| 3:38 | Create | Fishing Ship |
| 4:15 | Create | Villager (Male) |
| 4:15 | Create | Villager (Male) |
| 4:18 | Research | Loom |
| 4:23 | Create | Fishing Ship |
| 4:23 | Create | Fishing Ship |
| 4:34 | Build | House |
| 5:11 | Create | Villager (Male) |
| 5:11 | Create | Villager (Male) |
| 5:45 | Create | Villager (Male) |
| 5:45 | Create | Villager (Male) |
| 5:57 | Create | Fishing Ship |
| 5:58 | Create | Fishing Ship |
| 6:11 | Create | Fishing Ship |
| 6:12 | Create | Fishing Ship |
| 6:22 | Create | Villager (Male) |
| 6:27 | Build | House |
| 6:57 | Create | Villager (Male) |
| 6:57 | Create | Villager (Male) |
| 7:00 | Build | House |
| 7:02 | Create | Villager (Male) |
| 7:02 | Create | Villager (Male) |
| 7:23 | Build | Palisade Wall |
| 7:33 | Create | Villager (Male) |
| 7:33 | Create | Villager (Male) |
| 7:47 | Build | House |
| 7:49 | Build | Palisade Wall |
| 7:56 | Create | Villager (Male) |
| 7:57 | Create | Villager (Male) |
| 8:04 | Create | Villager (Male) |
| 8:04 | Create | Villager (Male) |
| 8:15 | Create | Fishing Ship |
| 8:17 | Create | Villager (Male) |
| 8:17 | Create | Villager (Male) |
| 8:48 | Create | Villager (Male) |
| 8:48 | Create | Villager (Male) |
| 9:03 | Create | Fishing Ship |
| 9:48 | Create | Villager (Male) |
| 9:57 | Build | Mill |
| 9:59 | Create | Villager (Male) |
| 10:43 | Research | Feudal Age |
| 10:50 | Build | Mining Camp |
| 11:28 | Build | Dock |
| 12:06 | Build | Lumber Camp |
| 12:53 | Age | Feudal Age |
| 12:55 | Create | Villager (Male) |
| 12:56 | Create | Villager (Male) |
| 13:13 | Build | Blacksmith |
| 13:26 | Create | Villager (Male) |
| 13:48 | Create | Villager (Male) |
| 14:06 | Build | Market |
| 14:09 | Build | House |
| 14:31 | Build | Stone Wall |
| 14:37 | Build | Mining Camp |
| 14:39 | Create | Villager (Male) |
| 14:44 | Create | Villager (Male) |
| 14:51 | Build | Stone Wall |
| 14:56 | Create | Villager (Male) |
| 15:46 | Create | Unit 2626 |
| 15:46 | Create | Unit 2626 |
| 15:59 | Research | Castle Age |
| 15:59 | Research | Castle Age |
| 16:34 | Build | Stone Wall |
| 16:39 | Build | Stone Wall |
| 16:48 | Research | Double-Bit Axe |
| 17:02 | Build | Watch Tower |
| 17:08 | Research | Stone Mining |
| 17:28 | Create | Unit 2626 |
| 17:36 | Build | House |
| 17:43 | Build | House |
| 17:55 | Research | Fletching |
| 18:39 | Age | Castle Age |
| 18:44 | Create | Trade Cog |
| 18:47 | Research | War Galley (upgrade) |
| 18:56 | Create | Unit 2626 |
| 18:56 | Create | Unit 2626 |
| 18:58 | Create | Villager (Male) |
| 19:01 | Create | Villager (Male) |
| 19:01 | Create | Villager (Male) |
| 19:02 | Create | Villager (Male) |
| 19:07 | Create | Villager (Male) |
| 19:08 | Create | Villager (Male) |
| 19:36 | Create | Unit 2626 ×2 |
| 19:36 | Create | Unit 2626 ×2 |
| 19:45 | Create | Villager (Male) |
| 19:45 | Create | Villager (Male) |
| 19:47 | Create | Villager (Male) |
| 19:48 | Create | Villager (Male) |
| 19:54 | Create | Villager (Male) |
| 19:54 | Create | Villager (Male) |
| 19:55 | Create | Villager (Male) |
| 19:55 | Create | Villager (Male) |
| 20:23 | Create | Villager (Male) |
| 20:33 | Create | Villager (Male) |
| 20:34 | Create | Villager (Male) |
| 20:38 | Build | Town Center |
| 20:43 | Create | Villager (Male) |
| 20:59 | Create | Villager (Male) |
| 21:00 | Create | Villager (Male) |
| 21:03 | Create | Unit 2626 |
| 21:03 | Create | Unit 2626 |
| 21:08 | Build | House |
| 21:09 | Build | House |
| 21:11 | Create | Villager (Male) |
| 21:14 | Create | Villager (Male) |
| 21:14 | Create | Villager (Male) |
| 21:23 | Research | Bow Saw |
| 21:23 | Research | Bow Saw |
| 21:25 | Research | Gold Mining |
| 21:26 | Create | Villager (Male) |
| 21:26 | Create | Villager (Male) |
| 21:40 | Build | House |
| 21:42 | Create | Villager (Male) |
| 21:42 | Create | Villager (Male) |
| 21:49 | Create | Villager (Male) |
| 21:50 | Create | Villager (Male) |
| 22:10 | Create | Villager (Male) |
| 22:12 | Create | Villager (Male) |
| 22:16 | Create | Villager (Male) |
| 22:17 | Create | Villager (Male) |
| 22:18 | Create | Villager (Male) |
| 22:25 | Build | Town Center |
| 22:30 | Build | House |
| 22:37 | Create | Villager (Male) |
| 22:37 | Create | Villager (Male) |
| 22:39 | Create | Villager (Male) |
| 22:40 | Create | Villager (Male) |
| 22:44 | Create | Villager (Male) |
| 22:48 | Create | Villager (Male) |
| 22:48 | Create | Villager (Male) |
| 22:49 | Create | Villager (Male) |
| 23:00 | Create | Villager (Male) |
| 23:01 | Create | Villager (Male) |
| 23:11 | Build | House |
| 23:16 | Create | Villager (Male) |
| 23:21 | Build | Town Center |
| 23:29 | Create | Villager (Male) |
| 23:40 | Create | Villager (Male) |
| 23:40 | Create | Villager (Male) |
| 23:44 | Create | Villager (Male) |
| 23:49 | Build | Castle |
| 23:58 | Build | Farm |
| 23:59 | Build | Farm |
Build order — Mr.Peo
First 150 of 299 actions detected
| 0:25 | Build | Town Center |
| 0:36 | Build | Dock |
| 0:37 | Build | House |
| 2:41 | Create | Villager (Male) |
| 2:42 | Create | Villager (Male) |
| 2:42 | Create | Villager (Male) |
| 2:43 | Create | Villager (Male) |
| 3:36 | Create | Villager (Male) |
| 3:49 | Create | Fishing Ship |
| 4:25 | Build | House |
| 4:34 | Create | Villager (Male) |
| 4:53 | Create | Villager (Male) |
| 5:12 | Create | Villager (Male) |
| 5:37 | Create | Villager (Male) |
| 5:55 | Create | Villager (Male) |
| 6:03 | Build | House |
| 6:11 | Create | Fishing Ship |
| 6:42 | Create | Villager (Male) |
| 6:42 | Create | Villager (Male) |
| 7:06 | Create | Villager (Male) |
| 7:32 | Create | Villager (Male) |
| 7:37 | Create | Villager (Male) |
| 7:38 | Create | Fishing Ship |
| 7:51 | Build | House |
| 8:07 | Create | Fishing Ship |
| 8:08 | Create | Villager (Male) |
| 8:19 | Create | Villager (Male) |
| 8:26 | Create | Villager (Male) |
| 8:34 | Research | Loom |
| 8:37 | Build | House |
| 8:38 | Create | Villager (Male) |
| 8:38 | Create | Villager (Male) |
| 8:39 | Create | Villager (Male) |
| 8:39 | Create | Villager (Male) |
| 8:39 | Create | Villager (Male) |
| 8:39 | Create | Villager (Male) |
| 8:58 | Create | Villager (Male) |
| 9:12 | Create | Villager (Male) |
| 9:12 | Create | Villager (Male) |
| 9:13 | Create | Fishing Ship |
| 9:16 | Create | Villager (Male) |
| 9:32 | Create | Villager (Male) |
| 9:35 | Build | Mining Camp |
| 9:56 | Create | Villager (Male) |
| 9:56 | Create | Villager (Male) |
| 10:04 | Create | Villager (Male) |
| 10:17 | Create | Villager (Male) |
| 10:25 | Create | Fishing Ship |
| 10:36 | Research | Feudal Age |
| 11:28 | Build | Dock |
| 12:02 | Build | Lumber Camp |
| 12:21 | Build | House |
| 12:49 | Age | Feudal Age |
| 12:51 | Research | Double-Bit Axe |
| 12:55 | Create | Galley |
| 12:55 | Create | Galley |
| 12:59 | Create | Villager (Male) |
| 13:00 | Create | Villager (Male) |
| 13:07 | Build | House |
| 13:07 | Build | House |
| 13:16 | Create | Galley |
| 13:23 | Create | Villager (Male) |
| 13:23 | Create | Villager (Male) |
| 13:39 | Create | Villager (Male) |
| 13:45 | Create | Galley |
| 13:46 | Create | Galley |
| 14:04 | Create | Villager (Male) |
| 14:12 | Create | Villager (Male) |
| 14:12 | Create | Villager (Male) |
| 14:22 | Build | Blacksmith |
| 14:29 | Research | Tech 906 |
| 14:32 | Create | Villager (Male) |
| 14:55 | Create | Villager (Male) |
| 14:58 | Build | House |
| 15:16 | Research | Fletching |
| 15:18 | Create | Galley |
| 15:18 | Create | Galley |
| 15:23 | Create | Villager (Male) |
| 15:23 | Create | Villager (Male) |
| 15:23 | Create | Villager (Male) |
| 15:27 | Build | House |
| 15:39 | Build | Mill |
| 15:48 | Create | Galley |
| 16:15 | Create | Galley |
| 16:56 | Create | Galley |
| 16:57 | Create | Galley |
| 16:59 | Create | Villager (Male) |
| 16:59 | Create | Villager (Male) |
| 17:25 | Build | Market |
| 17:30 | Build | House |
| 17:37 | Build | House |
| 17:42 | Create | Galley |
| 17:59 | Build | Mining Camp |
| 18:16 | Research | Castle Age |
| 18:24 | Create | Galley |
| 18:28 | Build | House |
| 18:29 | Build | House |
| 19:09 | Build | House |
| 19:25 | Research | Horse Collar |
| 19:48 | Build | Dock |
| 20:17 | Create | Demolition Raft |
| 20:50 | Create | Villager (Male) |
| 20:56 | Age | Castle Age |
| 21:00 | Research | Bodkin Arrow |
| 21:06 | Create | Villager (Male) |
| 21:07 | Create | Villager (Male) |
| 21:07 | Create | Villager (Male) |
| 21:10 | Build | Town Center |
| 21:27 | Research | War Galley (upgrade) |
| 21:34 | Create | Galley |
| 21:35 | Create | Villager (Male) |
| 21:40 | Build | University |
| 21:56 | Create | Galley |
| 21:56 | Create | Galley |
| 22:09 | Create | Galley |
| 22:09 | Create | Galley |
| 22:09 | Create | Galley |
| 22:16 | Create | Galley |
| 22:44 | Create | Villager (Male) |
| 22:55 | Research | Tech 908 |
| 23:10 | Create | Villager (Male) |
| 23:13 | Create | Villager (Male) |
| 23:19 | Create | Villager (Male) |
| 23:24 | Research | Ballistics |
| 23:25 | Research | Ballistics |
| 23:29 | Create | Galley |
| 24:03 | Create | Galley |
| 24:07 | Create | Villager (Male) |
| 24:07 | Create | Villager (Male) |
| 24:23 | Create | Fishing Ship |
| 24:30 | Build | Farm |
| 24:31 | Build | Farm |
| 24:32 | Build | Farm |
| 25:08 | Create | Villager (Male) |
| 25:10 | Research | Town Watch |
| 25:45 | Build | Lumber Camp |
| 25:46 | Create | Villager (Male) |
| 25:58 | Create | Villager (Male) |
| 26:08 | Create | Galley |
| 26:08 | Create | Galley |
| 26:08 | Create | Galley |
| 26:32 | Build | Town Center |
| 27:13 | Create | Villager (Male) |
| 27:13 | Create | Villager (Male) |
| 27:14 | Create | Villager (Male) |
| 27:17 | Build | Farm |
| 27:17 | Build | Farm |
| 27:17 | Build | Farm |
| 27:19 | Build | Farm |
| 27:25 | Build | Dock |
Build order — yago
First 150 of 536 actions detected
| 0:07 | Build | Town Center |
| 0:30 | Build | Town Center |
| 1:30 | Build | House |
| 1:36 | Build | Town Center |
| 2:03 | Build | Dock |
| 3:40 | Create | Villager (Male) |
| 3:41 | Create | Villager (Male) |
| 3:41 | Create | Villager (Male) |
| 3:45 | Create | Villager (Male) |
| 4:39 | Create | Fishing Ship |
| 4:39 | Create | Fishing Ship |
| 4:39 | Create | Fishing Ship |
| 4:42 | Create | Villager (Male) |
| 4:42 | Create | Villager (Male) |
| 5:42 | Research | Loom |
| 5:42 | Research | Loom |
| 5:50 | Build | House |
| 6:02 | Create | Villager (Male) |
| 6:02 | Create | Villager (Male) |
| 6:07 | Create | Fishing Ship |
| 6:07 | Create | Fishing Ship |
| 6:07 | Create | Fishing Ship |
| 6:42 | Create | Villager (Male) |
| 6:43 | Create | Villager (Male) |
| 6:50 | Create | Fishing Ship |
| 6:50 | Create | Fishing Ship |
| 6:59 | Build | House |
| 7:16 | Create | Villager (Male) |
| 7:16 | Create | Villager (Male) |
| 7:16 | Create | Villager (Male) |
| 7:34 | Create | Fishing Ship |
| 7:38 | Create | Villager (Male) |
| 7:38 | Create | Villager (Male) |
| 7:38 | Create | Villager (Male) |
| 7:47 | Build | House |
| 7:57 | Create | Villager (Male) |
| 7:57 | Create | Villager (Male) |
| 7:58 | Create | Villager (Male) |
| 8:17 | Create | Villager (Male) |
| 8:17 | Create | Villager (Male) |
| 8:17 | Create | Villager (Male) |
| 8:28 | Create | Fishing Ship |
| 8:28 | Create | Fishing Ship |
| 8:29 | Create | Fishing Ship |
| 8:38 | Build | Palisade Wall |
| 8:43 | Create | Villager (Male) |
| 8:43 | Create | Villager (Male) |
| 8:43 | Create | Villager (Male) |
| 9:04 | Create | Villager (Male) |
| 9:04 | Create | Villager (Male) |
| 9:08 | Create | Fishing Ship |
| 9:35 | Build | House |
| 9:35 | Create | Villager (Male) |
| 9:35 | Create | Villager (Male) |
| 9:36 | Create | Villager (Male) |
| 9:47 | Create | Villager (Male) |
| 9:47 | Create | Villager (Male) |
| 9:47 | Create | Villager (Male) |
| 9:51 | Create | Fishing Ship |
| 10:08 | Build | House |
| 10:10 | Create | Villager (Male) |
| 10:10 | Create | Villager (Male) |
| 10:30 | Create | Villager (Male) |
| 10:35 | Build | Mining Camp |
| 10:51 | Build | Dock |
| 10:54 | Create | Fishing Ship |
| 11:27 | Create | Villager (Male) |
| 12:01 | Research | Feudal Age |
| 12:01 | Research | Feudal Age |
| 12:01 | Research | Feudal Age |
| 12:02 | Research | Feudal Age |
| 12:03 | Create | Fishing Ship |
| 12:03 | Create | Fishing Ship |
| 12:03 | Create | Fishing Ship |
| 12:20 | Build | House |
| 12:24 | Build | Palisade Wall |
| 12:32 | Build | Palisade Wall |
| 12:37 | Build | Palisade Wall |
| 12:40 | Create | Villager (Male) |
| 12:41 | Create | Villager (Male) |
| 12:45 | Create | Fishing Ship |
| 12:46 | Create | Fishing Ship |
| 13:26 | Create | Fishing Ship |
| 13:26 | Create | Fishing Ship |
| 13:32 | Build | House |
| 13:40 | Create | Villager (Male) |
| 14:01 | Build | Mill |
| 14:11 | Age | Feudal Age |
| 14:14 | Create | Villager (Male) |
| 14:28 | Build | Market |
| 14:34 | Build | Palisade Wall |
| 15:08 | Build | Blacksmith |
| 15:50 | Research | Castle Age |
| 15:51 | Research | Castle Age |
| 16:15 | Create | Galley |
| 16:15 | Create | Galley |
| 16:30 | Research | Fletching |
| 16:31 | Research | Fletching |
| 16:39 | Build | Lumber Camp |
| 16:53 | Create | Galley |
| 16:54 | Create | Galley |
| 17:02 | Create | Villager (Male) |
| 17:03 | Create | Villager (Male) |
| 17:17 | Research | Double-Bit Axe |
| 17:18 | Research | Double-Bit Axe |
| 17:20 | Create | Galley |
| 17:20 | Create | Galley |
| 17:53 | Build | Dock |
| 18:06 | Create | Galley |
| 18:06 | Create | Galley |
| 18:09 | Create | Villager (Male) |
| 18:30 | Age | Castle Age |
| 18:52 | Build | Town Center |
| 18:53 | Create | Villager (Male) |
| 19:01 | Research | Bow Saw |
| 19:01 | Research | Bow Saw |
| 19:25 | Research | War Galley (upgrade) |
| 19:25 | Research | War Galley (upgrade) |
| 19:25 | Research | War Galley (upgrade) |
| 19:40 | Create | Villager (Male) |
| 19:40 | Create | Villager (Male) |
| 19:43 | Create | Galley |
| 19:43 | Create | Galley |
| 19:43 | Create | Galley |
| 19:47 | Build | House |
| 19:48 | Build | House |
| 19:59 | Research | Wheelbarrow |
| 19:59 | Research | Wheelbarrow |
| 20:00 | Create | Villager (Male) |
| 20:01 | Create | Villager (Male) |
| 20:17 | Build | Siege Workshop |
| 20:17 | Create | Villager (Male) |
| 20:18 | Create | Villager (Male) |
| 20:34 | Create | Villager (Male) |
| 20:34 | Create | Villager (Male) |
| 20:42 | Create | Battering Ram |
| 20:58 | Create | Villager (Male) |
| 20:58 | Create | Villager (Male) |
| 21:03 | Create | Villager (Male) |
| 21:03 | Create | Villager (Male) |
| 21:07 | Build | House |
| 21:12 | Build | House |
| 21:18 | Research | Bodkin Arrow |
| 21:19 | Research | Bodkin Arrow |
| 21:19 | Research | Bodkin Arrow |
| 21:19 | Create | Villager (Male) |
| 21:20 | Create | Villager (Male) |
| 21:22 | Create | Battering Ram |
| 21:22 | Create | Battering Ram |
| 21:22 | Create | Battering Ram |
Build order — Com2us
First 150 of 277 actions detected
| 0:03 | Build | Town Center |
| 0:14 | Build | House |
| 1:18 | Build | Dock |
| 2:26 | Create | Villager (Male) |
| 2:27 | Create | Villager (Male) |
| 2:27 | Create | Villager (Male) |
| 2:27 | Create | Villager (Male) |
| 2:29 | Research | Loom |
| 3:27 | Create | Fishing Ship |
| 3:47 | Create | Villager (Male) |
| 3:47 | Create | Villager (Male) |
| 4:21 | Build | House |
| 4:44 | Create | Villager (Male) |
| 5:15 | Create | Villager (Male) |
| 5:15 | Create | Villager (Male) |
| 5:24 | Create | Villager (Male) |
| 5:35 | Create | Fishing Ship |
| 5:42 | Build | House |
| 6:00 | Create | Villager (Male) |
| 6:15 | Create | Villager (Male) |
| 6:31 | Create | Fishing Ship |
| 6:48 | Build | House |
| 7:12 | Create | Villager (Male) |
| 7:14 | Create | Fishing Ship |
| 7:14 | Create | Fishing Ship |
| 7:31 | Create | Villager (Male) |
| 7:31 | Create | Villager (Male) |
| 7:44 | Build | Lumber Camp |
| 7:51 | Build | House |
| 8:12 | Create | Villager (Male) |
| 8:41 | Create | Fishing Ship |
| 8:46 | Create | Villager (Male) |
| 8:59 | Create | Villager (Male) |
| 9:05 | Create | Villager (Male) |
| 9:24 | Create | Fishing Ship |
| 9:47 | Create | Villager (Male) |
| 10:09 | Build | Mining Camp |
| 10:23 | Research | Feudal Age |
| 10:31 | Create | Villager (Male) |
| 10:56 | Build | Dock |
| 11:50 | Build | Mill |
| 12:02 | Build | House |
| 12:14 | Create | Villager (Male) |
| 12:42 | Age | Feudal Age |
| 12:48 | Build | Market |
| 12:58 | Create | Villager (Male) |
| 13:15 | Build | Blacksmith |
| 13:30 | Research | Double-Bit Axe |
| 13:36 | Create | Villager (Male) |
| 13:39 | Build | House |
| 13:42 | Build | Palisade Wall |
| 13:45 | Build | Palisade Wall |
| 14:27 | Research | Castle Age |
| 14:28 | Research | Castle Age |
| 14:45 | Build | Mining Camp |
| 14:52 | Research | Stone Mining |
| 14:57 | Build | House |
| 15:37 | Research | Gold Mining |
| 15:51 | Create | Villager (Male) |
| 16:06 | Build | Mill |
| 16:15 | Create | Villager (Male) |
| 17:07 | Age | Castle Age |
| 17:08 | Research | Bow Saw |
| 17:15 | Build | Castle |
| 17:25 | Create | Villager (Male) |
| 17:31 | Research | Padded Archer Armor |
| 17:36 | Build | House |
| 18:07 | Create | Conquistador |
| 18:07 | Create | Conquistador |
| 18:08 | Create | Conquistador |
| 18:11 | Build | Mill |
| 18:24 | Create | Villager (Male) |
| 18:27 | Build | Farm |
| 18:28 | Build | Farm |
| 18:30 | Build | Farm |
| 18:32 | Build | Farm |
| 18:33 | Build | Farm |
| 18:36 | Create | Villager (Male) |
| 18:37 | Create | Conquistador |
| 18:48 | Create | Conquistador |
| 18:58 | Create | Villager (Male) |
| 19:11 | Build | Dock |
| 19:30 | Create | Villager (Male) |
| 19:43 | Create | Conquistador |
| 19:53 | Create | Villager (Male) |
| 20:07 | Research | Leather Archer Armor |
| 20:19 | Research | Town Watch |
| 20:20 | Create | Villager (Male) |
| 20:55 | Create | Villager (Male) |
| 21:11 | Build | Farm |
| 21:13 | Research | Horse Collar |
| 21:13 | Research | Horse Collar |
| 21:14 | Create | Villager (Male) |
| 21:16 | Create | Conquistador |
| 21:17 | Create | Conquistador |
| 21:18 | Create | Conquistador |
| 21:40 | Create | Villager (Male) |
| 22:08 | Create | Villager (Male) |
| 22:32 | Create | Conquistador |
| 22:46 | Create | Villager (Male) |
| 22:48 | Build | Lumber Camp |
| 22:51 | Build | Farm |
| 23:07 | Build | Farm |
| 23:08 | Research | Heavy Plow |
| 23:09 | Research | Heavy Plow |
| 23:42 | Research | Wheelbarrow |
| 23:42 | Research | Wheelbarrow |
| 23:45 | Create | Villager (Male) |
| 23:45 | Create | Villager (Male) |
| 24:09 | Create | Villager (Male) |
| 24:22 | Create | Villager (Male) |
| 25:02 | Create | Conquistador |
| 25:02 | Create | Conquistador |
| 25:05 | Build | Lumber Camp |
| 25:07 | Build | Farm |
| 25:08 | Build | Farm |
| 25:09 | Create | Conquistador |
| 25:09 | Create | Conquistador |
| 25:45 | Create | Villager (Male) |
| 25:46 | Create | Conquistador |
| 25:49 | Create | Villager (Male) |
| 25:50 | Create | Villager (Male) |
| 25:54 | Build | Town Center |
| 26:10 | Create | Villager (Male) |
| 26:28 | Create | Villager (Male) |
| 26:43 | Build | Farm |
| 26:45 | Create | Conquistador |
| 27:02 | Build | Farm |
| 27:03 | Build | Farm |
| 27:04 | Build | Farm |
| 27:06 | Create | Villager (Male) |
| 27:06 | Create | Villager (Male) |
| 27:09 | Create | Villager (Male) |
| 27:28 | Build | Barracks |
| 27:29 | Create | Villager (Male) |
| 27:30 | Create | Villager (Male) |
| 27:38 | Build | Farm |
| 27:46 | Create | Villager (Male) |
| 27:46 | Create | Villager (Male) |
| 28:15 | Create | Villager (Male) |
| 28:16 | Create | Villager (Male) |
| 28:24 | Build | Stable |
| 28:34 | Create | Villager (Male) |
| 28:35 | Create | Villager (Male) |
| 28:43 | Build | Farm |
| 28:43 | Build | Farm |
| 28:44 | Build | Farm |
| 29:11 | Research | Hand Cart |
| 29:18 | Build | Lumber Camp |
| 29:23 | Build | Farm |
Build order — Never Began
First 150 of 426 actions detected
| 0:09 | Build | Town Center |
| 1:29 | Build | Dock |
| 1:31 | Build | House |
| 2:30 | Create | Villager (Male) |
| 2:31 | Create | Villager (Male) |
| 2:31 | Create | Villager (Male) |
| 2:38 | Create | Villager (Male) |
| 2:38 | Create | Villager (Male) |
| 4:08 | Research | Loom |
| 4:08 | Research | Loom |
| 4:12 | Create | Fishing Ship |
| 4:12 | Create | Fishing Ship |
| 4:28 | Create | Villager (Male) |
| 4:29 | Create | Villager (Male) |
| 4:51 | Build | House |
| 4:59 | Build | House |
| 5:01 | Create | Villager (Male) |
| 5:01 | Create | Villager (Male) |
| 5:09 | Build | Palisade Wall |
| 5:11 | Build | Palisade Wall |
| 5:19 | Create | Villager (Male) |
| 5:19 | Create | Villager (Male) |
| 5:34 | Build | House |
| 5:45 | Create | Villager (Male) |
| 6:21 | Build | Palisade Wall |
| 6:23 | Build | Palisade Wall |
| 6:37 | Create | Villager (Male) |
| 6:40 | Create | Fishing Ship |
| 6:47 | Build | Palisade Wall |
| 6:49 | Create | Villager (Male) |
| 6:49 | Create | Villager (Male) |
| 7:24 | Create | Fishing Ship |
| 7:24 | Create | Fishing Ship |
| 7:33 | Create | Villager (Male) |
| 7:40 | Create | Villager (Male) |
| 8:19 | Build | Lumber Camp |
| 8:23 | Create | Villager (Male) |
| 8:23 | Create | Villager (Male) |
| 8:43 | Build | Palisade Wall |
| 8:55 | Create | Villager (Male) |
| 8:56 | Create | Villager (Male) |
| 9:05 | Build | Palisade Wall |
| 9:11 | Build | Palisade Wall |
| 9:16 | Build | Palisade Wall |
| 9:22 | Build | House |
| 9:25 | Create | Fishing Ship |
| 9:55 | Create | Villager (Male) |
| 10:12 | Build | Palisade Wall |
| 10:38 | Research | Feudal Age |
| 10:38 | Research | Feudal Age |
| 10:50 | Build | Palisade Wall |
| 10:51 | Build | Palisade Wall |
| 10:52 | Build | Palisade Wall |
| 10:54 | Build | Palisade Wall |
| 11:01 | Create | Fishing Ship |
| 11:01 | Create | Fishing Ship |
| 11:05 | Build | House |
| 11:26 | Create | Villager (Male) |
| 11:38 | Build | House |
| 11:57 | Build | Mining Camp |
| 12:08 | Build | House |
| 12:32 | Create | Villager (Male) |
| 12:44 | Build | House |
| 12:48 | Age | Feudal Age |
| 12:54 | Build | Watch Tower |
| 13:04 | Create | Villager (Male) |
| 13:09 | Research | Double-Bit Axe |
| 13:13 | Create | Fishing Ship |
| 13:13 | Create | Fishing Ship |
| 13:24 | Build | House |
| 13:43 | Create | Villager (Male) |
| 13:58 | Create | Villager (Male) |
| 14:09 | Create | Villager (Male) |
| 14:15 | Build | Watch Tower |
| 14:21 | Create | Villager (Male) |
| 14:25 | Research | Tech 906 |
| 14:26 | Create | Fishing Ship |
| 14:49 | Build | Palisade Wall |
| 14:51 | Build | Palisade Wall |
| 14:52 | Create | Villager (Male) |
| 15:28 | Build | Blacksmith |
| 15:38 | Create | Villager (Male) |
| 15:49 | Create | Villager (Male) |
| 16:01 | Create | Fishing Ship |
| 16:26 | Research | Fletching |
| 16:26 | Research | Fletching |
| 16:57 | Build | Watch Tower |
| 17:07 | Create | Villager (Male) |
| 17:11 | Create | Villager (Male) |
| 17:13 | Create | Fishing Ship |
| 17:14 | Create | Fishing Ship |
| 17:14 | Create | Fishing Ship |
| 17:43 | Build | Watch Tower |
| 17:53 | Create | Villager (Male) |
| 18:03 | Create | Fishing Ship |
| 18:04 | Create | Fishing Ship |
| 18:14 | Create | Villager (Male) |
| 18:52 | Build | Barracks |
| 19:11 | Build | Dock |
| 19:11 | Create | Villager (Male) |
| 19:18 | Build | Mining Camp |
| 19:22 | Build | Stone Wall |
| 19:22 | Create | Villager (Male) |
| 19:38 | Build | Archery Range |
| 19:40 | Create | Villager (Male) |
| 19:54 | Create | Villager (Male) |
| 20:06 | Create | Fishing Ship |
| 20:20 | Create | Villager (Male) |
| 20:32 | Build | Mill |
| 20:38 | Create | Villager (Male) |
| 20:45 | Create | Villager (Male) |
| 20:48 | Build | House |
| 20:48 | Build | House |
| 21:17 | Create | Fishing Ship |
| 21:17 | Create | Fishing Ship |
| 21:17 | Create | Fishing Ship |
| 21:26 | Build | House |
| 21:27 | Build | House |
| 21:27 | Build | House |
| 21:33 | Create | Villager (Male) |
| 21:44 | Create | Villager (Male) |
| 22:03 | Create | Fishing Ship |
| 22:12 | Create | Villager (Male) |
| 22:37 | Create | Villager (Male) |
| 22:41 | Build | Dock |
| 22:52 | Build | Stone Wall |
| 22:54 | Build | Stone Wall |
| 22:55 | Create | Villager (Male) |
| 22:59 | Build | Stone Wall |
| 23:23 | Create | Villager (Male) |
| 23:24 | Build | Market |
| 23:31 | Research | Castle Age |
| 23:31 | Research | Castle Age |
| 23:42 | Create | Fishing Ship |
| 23:43 | Create | Fishing Ship |
| 23:43 | Create | Fishing Ship |
| 23:47 | Build | House |
| 23:47 | Build | House |
| 23:53 | Build | House |
| 23:54 | Build | House |
| 24:11 | Build | Stone Wall |
| 24:13 | Build | Stone Wall |
| 24:15 | Create | Villager (Male) |
| 24:50 | Create | Villager (Male) |
| 24:53 | Build | Stone Wall |
| 24:53 | Build | Stone Wall |
| 25:20 | Build | Stone Wall |
| 25:23 | Create | Villager (Male) |
| 25:33 | Build | House |
| 26:11 | Age | Castle Age |
Build order — Joselu9710
First 150 of 584 actions detected
| 0:19 | Build | Town Center |
| 0:53 | Build | Dock |
| 0:59 | Build | Palisade Wall |
| 1:47 | Build | House |
| 1:53 | Build | Palisade Wall |
| 2:39 | Create | Villager (Male) |
| 2:39 | Create | Villager (Male) |
| 2:39 | Create | Villager (Male) |
| 2:39 | Create | Villager (Male) |
| 2:39 | Create | Villager (Male) |
| 3:55 | Create | Fishing Ship |
| 4:18 | Create | Villager (Male) |
| 4:18 | Create | Villager (Male) |
| 4:18 | Create | Villager (Male) |
| 4:29 | Build | House |
| 4:48 | Create | Villager (Male) |
| 4:49 | Create | Villager (Male) |
| 5:14 | Create | Villager (Male) |
| 5:14 | Create | Villager (Male) |
| 5:37 | Create | Villager (Male) |
| 5:37 | Create | Villager (Male) |
| 5:38 | Create | Villager (Male) |
| 5:44 | Create | Fishing Ship |
| 5:44 | Create | Fishing Ship |
| 6:00 | Build | House |
| 6:09 | Create | Villager (Male) |
| 6:09 | Create | Villager (Male) |
| 6:39 | Create | Villager (Male) |
| 6:39 | Create | Villager (Male) |
| 6:39 | Create | Villager (Male) |
| 6:41 | Create | Fishing Ship |
| 6:41 | Create | Fishing Ship |
| 7:08 | Create | Villager (Male) |
| 7:09 | Create | Villager (Male) |
| 7:16 | Create | Villager (Male) |
| 7:19 | Build | House |
| 7:44 | Create | Villager (Male) |
| 7:44 | Create | Villager (Male) |
| 7:51 | Create | Villager (Male) |
| 7:51 | Create | Villager (Male) |
| 7:54 | Create | Fishing Ship |
| 7:56 | Create | Villager (Male) |
| 7:56 | Create | Villager (Male) |
| 8:20 | Build | House |
| 8:47 | Create | Fishing Ship |
| 9:03 | Create | Villager (Male) |
| 9:20 | Create | Fishing Ship |
| 9:21 | Create | Villager (Male) |
| 9:46 | Create | Fishing Ship |
| 9:53 | Build | Mill |
| 10:03 | Create | Villager (Male) |
| 10:03 | Create | Villager (Male) |
| 10:04 | Create | Villager (Male) |
| 10:16 | Create | Fishing Ship |
| 10:23 | Create | Villager (Male) |
| 10:38 | Build | House |
| 10:55 | Research | Loom |
| 11:42 | Research | Feudal Age |
| 11:42 | Research | Feudal Age |
| 11:47 | Build | Mining Camp |
| 12:07 | Create | Fishing Ship |
| 12:08 | Create | Transport Ship |
| 12:31 | Build | Dock |
| 12:32 | Create | Villager (Male) |
| 12:33 | Create | Villager (Male) |
| 12:33 | Create | Fishing Ship |
| 12:34 | Create | Fishing Ship |
| 12:53 | Create | Villager (Male) |
| 12:53 | Create | Fishing Ship |
| 13:02 | Create | Villager (Male) |
| 13:02 | Create | Villager (Male) |
| 13:04 | Build | House |
| 13:40 | Build | House |
| 13:52 | Age | Feudal Age |
| 13:54 | Create | Unit 2626 ×2 |
| 13:54 | Create | Unit 2626 ×2 |
| 13:54 | Create | Unit 2626 ×2 |
| 13:56 | Create | Villager (Male) |
| 14:21 | Build | Lumber Camp |
| 14:38 | Create | Villager (Male) |
| 14:55 | Create | Unit 2626 |
| 14:55 | Create | Unit 2626 |
| 15:08 | Research | Double-Bit Axe |
| 15:08 | Research | Double-Bit Axe |
| 15:16 | Create | Fire Galley ×2 |
| 15:16 | Create | Fire Galley ×2 |
| 15:31 | Create | Villager (Male) |
| 15:35 | Create | Fire Galley |
| 15:35 | Create | Fire Galley |
| 15:35 | Create | Fire Galley |
| 15:42 | Create | Villager (Male) |
| 16:05 | Create | Fire Galley |
| 16:05 | Create | Fire Galley |
| 16:05 | Create | Fire Galley |
| 16:14 | Create | Villager (Male) |
| 16:18 | Build | House |
| 16:26 | Create | Villager (Male) |
| 16:34 | Build | House |
| 17:07 | Create | Fire Galley ×3 |
| 17:07 | Create | Fire Galley ×3 |
| 17:08 | Create | Villager (Male) |
| 17:20 | Build | Mill |
| 17:38 | Create | Villager (Male) |
| 17:46 | Create | Fishing Ship |
| 17:46 | Create | Fishing Ship |
| 17:52 | Create | Fire Galley |
| 17:52 | Create | Fire Galley |
| 17:52 | Create | Fire Galley |
| 17:53 | Create | Villager (Male) |
| 18:23 | Build | Blacksmith |
| 18:25 | Create | Villager (Male) |
| 18:40 | Build | House |
| 19:01 | Create | Villager (Male) |
| 19:03 | Create | Villager (Male) |
| 19:16 | Create | Fire Galley |
| 19:16 | Create | Fire Galley |
| 19:26 | Build | Dock |
| 19:33 | Build | Market |
| 19:59 | Create | Villager (Male) |
| 20:23 | Research | Castle Age |
| 20:23 | Research | Castle Age |
| 20:35 | Research | Horse Collar |
| 20:35 | Research | Horse Collar |
| 20:36 | Research | Gold Mining |
| 20:36 | Research | Gold Mining |
| 20:38 | Create | Fishing Ship |
| 20:38 | Create | Fishing Ship |
| 20:38 | Create | Fishing Ship |
| 20:54 | Create | Villager (Male) |
| 21:18 | Build | Mining Camp |
| 21:33 | Create | Fishing Ship |
| 21:33 | Create | Fishing Ship |
| 22:16 | Build | House |
| 22:17 | Build | House |
| 22:19 | Build | House |
| 22:23 | Create | Transport Ship |
| 22:35 | Create | Fire Galley ×4 |
| 22:36 | Create | Fire Galley ×4 |
| 22:55 | Build | Dock |
| 23:04 | Age | Castle Age |
| 23:10 | Research | War Galley (upgrade) |
| 23:16 | Create | Villager (Male) |
| 23:28 | Create | Villager (Male) |
| 23:33 | Build | Town Center |
| 23:49 | Create | Villager (Male) |
| 23:53 | Create | Villager (Male) |
| 24:06 | Create | Villager (Male) |
| 24:08 | Research | Bow Saw |
| 24:33 | Create | Villager (Male) |
| 24:49 | Create | Villager (Male) |
Match timeline
| 0:30 | Gun™ · first_building Dock |
| 0:36 | Mr.Peo · first_building Dock |
| 0:53 | Joselu9710 · first_building Dock |
| 0:55 | VNS_MONGKHAN · first_building Dock |
| 0:59 | Joselu9710 · wall_segment Palisade Wall x1 |
| 1:05 | timduglass · first_building Dock |
| 1:18 | Com2us · first_building Dock |
| 1:29 | Never Began · first_building Dock |
| 1:53 | Joselu9710 · wall_segment Palisade Wall x1 |
| 2:03 | yago · first_building Dock |
| 4:20 | timduglass · wall_segment Palisade Wall x10 |
| 4:51 | timduglass · wall_segment Palisade Wall x1 |
| 5:07 | timduglass · wall_segment Palisade Wall x1 |
| 5:09 | Never Began · wall_segment Palisade Wall x1 |
| 5:11 | Never Began · wall_segment Palisade Wall x1 |
| 5:31 | timduglass · wall_segment Palisade Wall x1 |
| 5:33 | timduglass · wall_segment Palisade Wall x1 |
| 5:35 | timduglass · wall_segment Palisade Wall x1 |
| 5:40 | timduglass · wall_segment Palisade Wall x1 |
| 6:21 | Never Began · wall_segment Palisade Wall x1 |
| 6:23 | Never Began · wall_segment Palisade Wall x1 |
| 6:30 | timduglass · wall_segment Palisade Wall x1 |
| 6:47 | Never Began · wall_segment Palisade Wall x5 |
| 7:23 | VNS_MONGKHAN · wall_segment Palisade Wall x1 |
| 7:49 | VNS_MONGKHAN · wall_segment Palisade Wall x4 |
| 8:38 | yago · wall_segment Palisade Wall x1 |
| 8:43 | Never Began · wall_segment Palisade Wall x1 |
| 8:48 | timduglass · wall_segment Palisade Wall x1 |
| 8:50 | timduglass · wall_segment Palisade Wall x1 |
| 8:51 | timduglass · wall_segment Palisade Wall x1 |
| 8:52 | timduglass · wall_segment Palisade Wall x1 |
| 8:56 | timduglass · wall_segment Palisade Wall x1 |
| 9:05 | Never Began · wall_segment Palisade Wall x1 |
| 9:11 | Never Began · wall_segment Palisade Wall x1 |
| 9:16 | Never Began · wall_segment Palisade Wall x9 |
| 9:31 | timduglass · wall_segment Palisade Wall x1 |
| 10:12 | Never Began · wall_segment Palisade Wall x7 |
| 10:50 | Never Began · wall_segment Palisade Wall x3 |
| 10:51 | Never Began · wall_segment Palisade Wall x2 |
| 10:52 | Never Began · wall_segment Palisade Wall x3 |
| 10:54 | Never Began · wall_segment Palisade Wall x5 |
| 12:24 | yago · wall_segment Palisade Wall x3 |
| 12:32 | yago · wall_segment Palisade Wall x1 |
| 12:37 | yago · wall_segment Palisade Wall x1 |
| 12:42 | Com2us · age_up feudal |
| 12:48 | Never Began · age_up feudal |
| 12:49 | Mr.Peo · age_up feudal |
| 12:53 | VNS_MONGKHAN · age_up feudal |
| 13:42 | Com2us · wall_segment Palisade Wall x3 |
| 13:45 | Com2us · wall_segment Palisade Wall x1 |
| 13:52 | Joselu9710 · age_up feudal |
| 14:05 | timduglass · age_up feudal |
| 14:11 | yago · age_up feudal |
| 14:31 | VNS_MONGKHAN · wall_segment Stone Wall x13 |
| 14:34 | yago · wall_segment Palisade Wall x1 |
| 14:49 | Never Began · wall_segment Palisade Wall x1 |
| 14:51 | Never Began · wall_segment Palisade Wall x1 |
| 14:51 | VNS_MONGKHAN · wall_segment Stone Wall x10 |
| 15:36 | yago · first_market_buy 100 food |
| 15:49 | Gun™ · age_up feudal |
| 16:19 | Com2us · first_market_buy 100 stone |
| 16:34 | VNS_MONGKHAN · wall_segment Stone Wall x6 |
| 16:39 | VNS_MONGKHAN · wall_segment Stone Wall x1 |
| 17:07 | Com2us · age_up castle |
| 17:15 | Com2us · first_building Castle |
| 17:18 | Gun™ · wall_segment Palisade Wall x6 |
| 18:02 | yago · first_market_sell 100 food |
| 18:30 | yago · age_up castle |
| 18:39 | VNS_MONGKHAN · age_up castle |
| 18:45 | Gun™ · wall_segment Palisade Wall x7 |
| 18:52 | Never Began · first_building Barracks |
| 19:12 | Gun™ · wall_segment Palisade Wall x12 |
| 19:22 | Never Began · wall_segment Stone Wall x12 |
| 19:30 | Gun™ · first_market_buy 100 stone |
| 19:38 | Never Began · first_building Archery Range |
| 19:49 | Gun™ · age_up castle |
| 19:53 | Gun™ · first_building Castle |
| 20:05 | timduglass · wall_segment Palisade Wall x7 |
| 20:08 | timduglass · wall_segment Palisade Wall x5 |
| 20:10 | timduglass · wall_segment Palisade Wall x1 |
| 20:10 | Gun™ · wall_segment Palisade Wall x1 |
| 20:17 | yago · first_building Siege Workshop |
| 20:35 | timduglass · first_market_sell 100 wood |
| 20:39 | timduglass · first_market_buy 100 stone |
| 20:56 | Mr.Peo · age_up castle |
| 21:22 | VNS_MONGKHAN · first_market_buy 100 wood |
| 21:31 | Gun™ · wall_segment Palisade Wall x1 |
| 21:44 | Gun™ · first_market_sell 100 food |
| 22:52 | Never Began · wall_segment Stone Wall x9 |
| 22:54 | Never Began · wall_segment Stone Wall x5 |
| 22:56 | timduglass · age_up castle |
| 22:59 | Never Began · wall_segment Stone Wall x11 |
| 23:04 | Joselu9710 · age_up castle |
| 23:27 | Joselu9710 · first_market_buy 100 wood |
| 23:49 | VNS_MONGKHAN · first_building Castle |
| 24:11 | Never Began · wall_segment Stone Wall x6 |
| 24:11 | timduglass · wall_segment Stone Wall x1 |
| 24:13 | timduglass · wall_segment Stone Wall x8 |
| 24:13 | Never Began · wall_segment Stone Wall x7 |
| 24:53 | Never Began · wall_segment Stone Wall x1 |
| 24:53 | Never Began · wall_segment Stone Wall x1 |
| 25:16 | timduglass · first_building Siege Workshop |
| 25:20 | Never Began · wall_segment Stone Wall x1 |
| 25:27 | Never Began · first_market_sell 100 food |
| 25:31 | VNS_MONGKHAN · first_building Barracks |
| 25:47 | Never Began · first_market_buy 500 stone |
| 26:11 | Never Began · age_up castle |
| 26:14 | Never Began · first_building Castle |
| 26:37 | Never Began · first_building Siege Workshop |
| 26:50 | Joselu9710 · first_building Castle |
| 27:21 | timduglass · first_building Monastery |
| 27:28 | Com2us · first_building Barracks |
| 28:24 | Com2us · first_building Stable |
| 29:00 | VNS_MONGKHAN · first_building Stable |
| 29:27 | Joselu9710 · first_building Barracks |
| 30:03 | Gun™ · first_building Siege Workshop |
| 31:58 | Joselu9710 · first_building Stable |
| 32:17 | VNS_MONGKHAN · age_up imperial |
| 32:39 | Never Began · first_building Stable |
| 33:04 | timduglass · wall_segment Palisade Wall x1 |
| 33:49 | timduglass · wall_segment Palisade Wall x1 |
| 34:17 | Joselu9710 · first_building Monastery |
| 34:38 | yago · first_building Castle |
| 34:52 | Mr.Peo · first_building Castle |
| 35:33 | VNS_MONGKHAN · first_market_sell 100 food |
| 37:05 | Mr.Peo · first_market_buy 100 wood |
| 37:26 | Com2us · age_up imperial |
| 37:42 | Never Began · age_up imperial |
| 38:12 | Joselu9710 · first_market_sell 100 food |
| 38:19 | timduglass · wall_segment Stone Wall x7 |
| 40:27 | Joselu9710 · wall_segment Palisade Wall x11 |
| 40:29 | Joselu9710 · wall_segment Stone Wall x9 |
| 40:40 | timduglass · first_building Barracks |
| 41:01 | timduglass · age_up imperial |
| 42:34 | Joselu9710 · first_building Archery Range |
| 43:20 | timduglass · first_building Castle |
| 44:04 | Mr.Peo · first_building Siege Workshop |
| 44:24 | yago · age_up imperial |
| 44:36 | Joselu9710 · age_up imperial |
| 44:36 | Mr.Peo · first_market_sell 100 food |
| 44:39 | VNS_MONGKHAN · wall_segment Stone Wall x5 |
| 44:42 | Mr.Peo · first_building Monastery |
| 46:08 | Joselu9710 · first_building Siege Workshop |
| 46:16 | Gun™ · resign |
[ AI ANALYSIS · 1 CREDIT ]
What really happened in this match?
Wolo.gg analyzes every decision: build order, eco, micro, common mistakes by bracket. Personalized analysis on WhatsApp or Discord in 30 seconds.
Civ guide
Aztecs
Perfil
Jugador #6034346